 Dungeon Crawl Stone Soup version 0.30-a0-297-g0ec75d9ef4 (webtiles) character file.

Game seed: 16465414020650723312

452 koil the Sneak (level 6, -2/30 HPs)
             Began as a Spriggan Enchanter on Oct 18, 2022.
             Was an Initiate of Yredelemnul.
             Slain by a small abomination (14 damage)
             ... on level 3 of the Dungeon.
             The game lasted 00:10:37 (2922 turns).

koil the Sneak (Spriggan Enchanter)                 Turns: 2922, Time: 00:10:37

Health: -2/30      AC:  2    Str:  4    XL:     6   Next: 75%
Magic:  9/13       EV: 19    Int: 17    God:    Yredelemnul [......]
Gold:   154        SH:  0    Dex: 17    Spells: 8/13 levels left

rFire   . . .      SeeInvis +    a - +5 short sword
rCold   . . .      Faith    .    (no shield)
rNeg    . . .      Spirit   .    p - +0 robe
rPois   .          Reflect  .    (helmet restricted)
rElec   .          Harm     .    (no cloak)
rCorr   .          Rampage  .    (gloves unavailable)
Will    +....                    (boots unavailable)
Stlth   +++.......               i - amulet of regeneration
HPRegen 1.05/turn                d - +4 ring of slaying
MPRegen 0.13/turn                (no ring)

@: confusing by touch, very quick
A: very small, no large weapons, unfitting armour, see invisible, speed 3
a: Renounce Religion, Recall Undead Harvest


You were on level 3 of the Dungeon.
You worshipped Yredelemnul.
Yredelemnul was noncommittal.
You visited 1 branch of the dungeon, and saw 3 of its levels.

You collected 154 gold pieces.

Inventory:

Hand Weapons
 a - a +5 short sword (weapon)
 m - a +1 dagger
 o - a +0 dagger of speed
Missiles
 l - a throwing net (quivered)
 u - 8 poisoned darts
Armour
 g - a +0 robe
 n - a +0 robe
 p - a +0 robe (worn)
Jewellery
 d - a +4 ring of slaying (left hand)
 i - an amulet of regeneration (around neck)
 j - a ring of protection from fire
Wands
 r - a wand of mindburst (14)
Scrolls
 e - 2 scrolls of teleportation {unknown}
 f - a scroll of identify {unknown}
 h - a scroll of poison {unknown}
 k - a scroll of fear {unknown}
 t - a scroll of noise {unknown}
Potions
 b - a potion of flight {unknown}
 c - 3 potions of invisibility
 q - 2 potions of brilliance {unknown}
 s - a potion of haste {unknown}
 v - a potion of heal wounds {unknown}


   Skills:
 + Level 2.1 Fighting
 + Level 3.2 Short Blades
 + Level 4.6 Dodging
 + Level 6.2 Stealth
 + Level 4.2 Spellcasting
 + Level 4.9 Hexes


You had 8 spell levels left.
You knew the following spells:

 Your Spells              Type           Power      Damage    Failure   Level
a - Ensorcelled Hibernat  Hex/Ice        24%        N/A       9%          2
b - Confusing Touch       Hex            20%        N/A       6%          3

Your spell library contained the following spells:

 Spells                   Type           Power      Damage    Failure   Level
 Tukima's Dance           Hex            20%        N/A       6%          3
 Dazzling Flash           Conj/Hex       24%        N/A       17%         3
 Animate Armour           Summ/Erth      6%         N/A       83%         4
 Blade Hands              Tmut           1%         N/A       99%         5
 Iron Shot                Conj/Erth      1%         9d1       100%        6


Dungeon Overview and Level Annotations

Branches:
Dungeon (3/15)

Altars:
Yredelemnul
Zin

Portals:
Abyss: D:3


Innate Abilities, Weirdness & Mutations

You are very small and have problems with some larger weapons.
You are too small for most types of armour.
You have supernaturally acute eyesight. (SInv)
You cover ground extremely quickly. (Speed+++)


Message History

You destroy the small abomination!
Your Fighting skill increases to level 2!
Your Short Blades skill increases to level 3!
Your Stealth skill increases to level 6!
You start resting.
HP restored.
There is a transporter landing site here.
You swap places.
Magic restored.
You swap places.
There is a transporter here.
You begin recalling your allies.
Your dart slug zombie is recalled. x2
Your dart slug zombie is recalled.
Your goblin zombie is recalled.
You finish recalling your allies.
Casting: Confusing Touch (dangerous; 6% risk of failure)
Confirm with . or Enter, or press ? or * to list all spells.
Your hands begin to glow red.
You enter the transporter and appear at another place.
Your goblin zombie misses the small abomination.
The small abomination hits your goblin zombie.
You swap places.
The small abomination hits you!
You hit the small abomination but do no damage.
Your goblin zombie hits the small abomination but does no damage.
The small abomination hits you but does no damage.
You completely miss the small abomination.
Your dart slug zombie bites the small abomination.
The small abomination hits you!
You completely miss the small abomination.
The small abomination is lightly damaged.
Your goblin zombie closely misses the small abomination.
The small abomination hits your dart slug zombie!
Your dart slug zombie is destroyed!
You hit the small abomination but do no damage.
The small abomination is lightly damaged.
The small abomination misses you.
Your goblin zombie hits the small abomination but does no damage.
Your dart slug zombie barely misses the small abomination.
You swap places.
The small abomination hits you!
You die...
Your body rises from the dead as a mindless zombie.

#....(....###^#.#...........#
####......................####.##
...###...........(........#).....
...###...####.......###..........
.........#..###...###©##..#.#....
#........##..?##©.##...#..#..#'#Z
#.........#.#..####.#.##..##.#.#Z
#........##...#Zx..#.##....#.#.#Z
#.......##...#x#@Z#.##.....#.#.#.
#.......#...#..©Z...#........#...
######..#####.###...###....###..#
#...# ..##.###...##........#
######...##..#....##.###...####.#
........##.#.###...##.^#Z..# #.#
........#.#.^..##..##.##..## #.#
........##.?...g#©.#∩.#..)# #.#
.........####.###..##$#...# #.#


You could see a small abomination (ally target), a friendly goblin zombie and 2
friendly dart slug zombies.

Vanquished Creatures
  A small abomination (D:3)
  The ghost of Vexal the Conjurer, an amateur OpRe of Gozag (D:3)
  2 hounds (D:3)
  Natasha (twice) (D:2)
  7 adders
  11 dart slugs
  5 endoplasms
  2 giant cockroaches (D:2)
  4 goblins
  4 hobgoblins
  5 kobolds
  2 quokkas
  6 ball pythons
  2 bats
  6 rats
60 creatures vanquished.

Vanquished Creatures (collateral kills)
  A dart slug (D:3)
1 creature vanquished.

Vanquished Creatures (others)
  A hound zombie (D:3)
  2 adder zombies (D:3)
  A ball python zombie (D:3)
  2 dart slug zombies (D:3)
  An endoplasm zombie (D:3)
  A kobold zombie (D:3)
  2 rat zombies (D:3)
10 creatures vanquished.

Grand Total: 71 creatures vanquished

Notes
Turn   | Place    | Note
-------+----------+-------------------------------------------
     0 | D:1      | koil the Spriggan Enchanter began the quest for the Orb.
     0 | D:1      | Reached XP level 1. HP: 9/9 MP: 5/5
   283 | D:1      | Reached XP level 2. HP: 13/13 MP: 6/6
   286 | D:1      | Learned a level 2 spell: Ensorcelled Hibernation
   918 | D:2      | Found a basalt altar of Yredelemnul.
  1094 | D:2      | Reached XP level 3. HP: 17/17 MP: 8/8
  1103 | D:2      | Became a worshipper of Yredelemnul the Dark
  1384 | D:2      | Found a faded altar of an unknown god.
  1433 | D:2      | Noticed Natasha
  1438 | D:2      | Killed Natasha
  1439 | D:2      | Reached skill level 5 in Stealth
  1439 | D:2      | Reached XP level 4. HP: 21/21 MP: 9/9
  1454 | D:2      | Reached skill level 1 in Fighting
  1455 | D:2      | Reached * piety under Yredelemnul
  1494 | D:2      | Noticed Natasha
  1505 | D:2      | Killed Natasha
  1509 | D:2      | Reached ** piety under Yredelemnul
  1903 | D:3      | Reached XP level 5. HP: 25/25 MP: 11/11
  2139 | D:3      | Found a one-way gate to the infinite horrors of the Abyss.
  2139 | D:3      | Noticed Vexal's ghost (amateur OpRe)
  2146 | D:3      | Noticed a small abomination
  2154 | D:3      | Found a transporter.
  2209 | D:3      | Noticed a small abomination
  2218 | D:3      | Found a transporter.
  2385 | D:3      | Found a glowing silver altar of Zin.
  2760 | D:3      | Learned a level 3 spell: Confusing Touch
  2763 | D:3      | Killed Vexal's ghost
  2764 | D:3      | Reached XP level 6. HP: 23/30 MP: 8/13
  2853 | D:3      | Killed a small abomination
  2854 | D:3      | Reached skill level 6 in Stealth
  2922 | D:3      | Slain by a small abomination

Illustrated notes

Levels and vault maps discovered:
D:1:      dpeg_arrival_pond, layout_loops_corners
D:2:      layout_loops_corners, ebering_ecumenical_altar_sacrificial,
          basic_altar, uniq_natasha
D:3:      kennysheep_slugbush, layout_basic, overflow_temple_1_default,
          gammafunk_ghost_abyssal_escape

Skill      XL: |  1  2  3  4  5  6 |
---------------+-------------------+-----
Dodging        | 3 4 |  4.6
Spellcasting   | 3 4 |  4.2
Short Blades   | 2 3 |  3.2
Stealth        | 5 6 |  6.2
Hexes          | 4 |  4.9
Fighting       | 1 2 |  2.1

Action                   |  1- 3 |  4- 6 || total
-------------------------+-------+-------++-------
Melee: Dagger            |    56 |       ||    56
       Short sword       |     3 |    86 ||    89
       Punch             |     1 |     1 ||     2
 Cast: Ensorcelled Hiber |     3 |       ||     3
       Confusing Touch   |       |     4 ||     4
Invok: Recall Undead Har |       |     1 ||     1
 Stab: Sleeping          |     5 |     9 ||    14
       Confused          |       |     2 ||     2
       Distracted        |       |     1 ||     1
Armor: Robe              |     9 |     5 ||    14
Dodge: Dodged            |    30 |    45 ||    75

Table legend: (Time is in decaauts)
 A = Elapsed time spent in this place.
 B = Non-inter-level travel time spent in this place.
 C = Inter-level travel time spent in this place.
 D = Time resting spent in this place.
 E = Time spent auto-exploring this place.
 F = Levels seen in this place.
 G = Mean time per level.
                   A        B        C        D        E       F      G
               +--------+--------+--------+--------+--------+-----+--------+
         Total |   1929 |   1858 |     71 |     49 |   1294 |   3 |  643.0 |
       Dungeon |   1929 |   1858 |     71 |     49 |   1294 |   3 |  643.0 |
               +--------+--------+--------+--------+--------+-----+--------+

Top non-repeatable levels by time:
     D:3: 686 daAuts
     D:2: 648 daAuts
     D:1: 594 daAuts
